[Event "*** Titled Tuesday Blitz"]
[Site "Chess.com"]
[Date "2018.05.01"]
[Round "3"]
[White "Fins0905"]
[Black "Hrant_ChessMood"]
[Result "1/2-1/2"]
[WhiteElo "2570"]
[BlackElo "2831"]
[TimeControl "180+2"]
[EndTime "13:41:17 PDT"]
[Termination "Game drawn by repetition"]

1. d4 Nf6 2. Nf3 g6 3. Bg5 Bg7 4. Nbd2 O-O 5. e3 b6 6. Bd3 Bb7 7. O-O d6 8. h3 Nbd7 9. Qe2 c5 10.
a4 a6 11. c3 Qc7 12. e4 e6 13.
Rfe1 h6 14. Bf4 Rfe8 15. Bh2 e5 16. dxe5 Nxe5 17. Nxe5 dxe5 18. g4 Rad8 19. Rad1 Bc6 20. b3 a5 21. Bb5 Nh7 22. Bxc6 Qxc6 23. Kg2 Ng5 24. f3 Ne6 25. Qb5 Qxb5 26. axb5 Rd3 27. Nc4 Rxc3 28. Nxb6 Rxb3 29. Rb1 Rb4 30. Nd5 Rb8 31. b6 Nf4+ 32. Bxf4 exf4 33. Rec1 Bd4 34. Kf1 Kg7 35. Ke2 h5 36. Kd3 Be3 37. Rd1 c4+ 38.
Kc3 Bxb6 39. Nxb4 axb4+ 40. Kxc4 Ba5 41. Rd5 Rc8+ 42. Rc5 Rxc5+ 43. Kxc5 hxg4 44. hxg4 Kf6 45. Kb5 Bc7 46. Rxb4 Kg5 47. Rc4 Be5 48. Rc5 f6 49.
Rd5 Kh4 50. Rd3 g5 51. Kc4 Kg3 52. Kd5 Kf2 53. Ke6 Ke2 54. Rb3 Bd4 55. Kf5 Be5 56. Ra3 Bd4 57. Rb3 Be5 58. Kg6 Kf2 59. Kf5 Ke2 1/2-1/2

[Event "*** Titled Tuesday Blitz"]
[Site "Chess.com"]
[Date "2018.05.01"]
[Round "3"]
[White "nubair1198"]
[Black "Msb2"]
[Result "0-1"]
[WhiteElo "2528"]
[BlackElo "2721"]
[TimeControl "180+2"]
[EndTime "13:41:34 PDT"]
[Termination "Msb2 won by resignation"]

1. d4 Nf6 2. c4 e6 3. Nc3 Bb4 4. e3 O-O 5. Ne2 c6 6. a3 Ba5 7. b4 Bc7 8. d5 cxd5 9. cxd5 exd5 10. g3 Be5 11. Bg2 Nc6 12. Bb2 Re8 13. O-O d6 14. Ra2 Ne7 15. Nf4 Bg4 16. Qd2 Bxf4 17. exf4 Qd7 18. Raa1 Bh3 19. Rfe1 Bxg2 20. Kxg2 Qf5 21. Nb5 Ne4 22. Qd3 Qd7 23. f3 a6 24. fxe4 Qxb5 25.
Qd4 f6 26. a4 Qc4 27. Rac1 Qxd4 28. Bxd4 Nc6 29. Bc3 dxe4 30. Rcd1 Rad8 31. b5 axb5 32.
axb5 Na7 33. Rd5 Nc8 34. Bb4 Kf7 35. g4 g6 36. Kf2 Ke6 37. Red1 f5 38. h3 Rd7 39.
Ke3 Red8 40. Ba5 b6 41. Bb4 Ne7 42. R5d2 d5 43. Kd4 Rc8 44. Ke3 d4+ 45. Rxd4 Rxd4 46. Rxd4 Nd5+ 47. Kd2 Nxb4 48. Rxb4 Rc5 49. Ra4 Rxb5 50.
Ra7 h5 51. gxh5 gxh5 52. Rh7 Kd5 53. Kc3 Rc5+ 54. Kb4 Kd4 55. Rxh5 e3 56. Rh6 Ke4 57. Rxb6 Rc8 58. h4 Kxf4 59. h5 e2 60. Re6 Kf3 61. h6 Kf2 0-1

[Event "*** Titled Tuesday Blitz"]
[Site "Chess.com"]
[Date "2018.05.01"]
[Round "3"]
[White "51616516516"]
[Black "Angulo07"]
[Result "1/2-1/2"]
[WhiteElo "2159"]
[BlackElo "2265"]
[TimeControl "180+2"]
[EndTime "13:41:34 PDT"]
[Termination "Game drawn by agreement"]

1. d4 d5 2. c4 c6 3. Nf3 Nf6 4. Nc3 Bg4 5. Ne5 Be6 6. cxd5 Nxd5 7. e4 Nxc3 8. bxc3 Nd7 9. Bc4 Nxe5 10. Bxe6 Qa5 11. dxe5 fxe6 12. O-O Qxe5 13. Rb1 b6 14. Qa4 Qc7 15. Bf4 Qc8 16. Rfd1 Rg8 17. h4 g6 18. Rd3 h6 19. Rbd1 g5 20. hxg5 hxg5 21. Be5 Bg7 22. Bg3 Kf7 23. Rf3+ Kg6 24. e5 Rf8 25. Qe4+ Rf5 26. Bh2 Kf7 27. g4 Rxf3 28. Qxf3+ Kg8 29.
Qd3 Qf8 30. Qg6 Qf3 31. Qxe6+ Kh8 32. Rd7 Rf8 33. Bg3 Qe4 34. Qxe7 Qe1+ 35. Kg2 Qe4+ 36.
Kh2 Qh7+ 37. Kg1 Qb1+ 38. Kg2 Qe4+ 39. Kf1 Qb1+ 40. Ke2 Qc2+ 41. Rd2 Qe4+ 42. Kd1 Qb1+ 43. Ke2 Qe4+ 44. Kd1 Qxg4+ 45. Kc1 Qc4 46. Qxg5 Qxc3+ 47. Rc2 Qa1+ 48. Kd2 Qd4+ 49. Ke2 Qe4+ 50. Kd1 Qd4+ 51. Qd2 Bxe5 52. Bxe5+ Qxe5 53. Qh6+ Kg8 54. Qg6+ Qg7 55.
Qxg7+ Kxg7 56. Rxc6 Rxf2 57. Rc7+ Kf6 58. Rxa7 Ke5 59.
a4 Kd5 60. a5 bxa5 61. Rxa5+ Kc4 1/2-1/2

[Event "*** Titled Tuesday Blitz"]
[Site "Chess.com"]
[Date "2018.05.01"]
[Round "3"]
[White "Zaven_ChessMood"]
[Black "gmjlh"]
[Result "0-1"]
[WhiteElo "2856"]
[BlackElo "2612"]
[TimeControl "180+2"]
[EndTime "13:41:38 PDT"]
[Termination "gmjlh won by resignation"]

1. e4 c6 2. d3 d5 3. Nd2 e5 4. Ngf3 Bd6 5. g3 Nf6 6. Bg2 O-O 7. O-O Re8 8. Re1 dxe4 9. dxe4 a5 10. Nc4 Bc7 11.
Qxd8 Rxd8 12. Ncxe5 Re8 13. Bf4 Nh5 14. Nd3 Nxf4 15. gxf4 Na6 16. c3 Bg4 17. Rad1 Rad8 18. h3 Be6 19. b3 f6 20. Nd4 Bf7 21. e5 Bh5 22. Bf3 Bxf3 23. Nxf3 Kf7 24. Kg2 Bb6 25.
Kg3 Nc7 26. c4 g6 27. h4 Ne6 28. exf6 Kxf6 29. Nde5 Bc7 30. Ng5 Nxg5 31. hxg5+ Kf5 32. Rxd8 Rxd8 33. Kf3 Rd4 34. Nf7 Rxf4+ 35. Kg2 Re4 36. Nh6+ Kf4 37. Rd1 Re7 38. Ng8 Rf7 39. Nf6 Kxg5 40.
Ne4+ Kf5 41. Nc5 Be5 42. Rd8 h5 43.
Nd3 Bc7 44. Re8 b6 45. a3 Rd7 46. Ne1 Bd6 47. Nc2 Kf6 48. b4 axb4 49. axb4 Rc7 50. Rb8 b5 51. c5 Be5 52. Rb6 Bc3 53. Ne3 Ke5 54. Nc2 Kd5 55. Kf3 Kc4 56. Ne3+ Kxb4 57. Rb8 Kxc5 58. Rg8 Rf7+ 59. Ke2 Rf6 60. Kd3 Bd4 61. Nc2 Bxf2 62. Re8 Rd6+ 63. Kc3 Bd4+ 64. Kb3 Bf6 65. Rg8 g5 66. Nb4 Re6 67. Nd3+ Kd4 68. Nb4 c5 69. Nc2+ Kd3 70. Na3 c4+ 71. Ka2 b4 72.
Nb5 Ra6+ 0-1

[Event "*** Titled Tuesday Blitz"]
[Site "Chess.com"]
[Date "2018.05.01"]
[Round "3"]
[White "Sanan_Sjugirov"]
[Black "robbykevlishvili"]
[Result "1-0"]
[WhiteElo "2799"]
[BlackElo "2547"]
[TimeControl "180+2"]
[EndTime "13:41:39 PDT"]
[Termination "Sanan_Sjugirov won by checkmate"]

1. e4 e5 2. Nf3 Nc6 3. Bb5 a6 4. Ba4 Nf6 5. O-O Be7 6. Re1 b5 7.
Bb3 d6 8. c3 O-O 9. h3 Nb8 10.
d4 Nbd7 11. Nbd2 Bb7 12. Bc2 Re8 13. Nf1 Bf8 14. Ng3 g6 15. a4 Bg7 16. Bg5 h6 17. Bd2 exd4 18. cxd4 c5 19. d5 Qe7 20.
Qc1 Qf8 21. h4 Ng4 22. h5 Nde5 23. Nxe5 Bxe5 24. Bd1 Bc8 25. Bxg4 Bxg4 26. Bxh6 Qe7 27. hxg6 fxg6 28. Bf4 b4 29. Bxe5 Qxe5 30. Qh6 Ra7 31. Qxg6+ Rg7 32. Qh6 Kf7 33. Nf5 Rg6 34. Qh7+ Kf6 35.
Qh4+ Kf7 36. Qh7+ Kf6 37. Re3 Qxb2 38. Rae1 Qe5 39. f3 Reg8 40. Qh4+ Kf7 41. fxg4 Ke8 42. Qh5 Kd7 43. Qh7+ Kd8 44. Qh4+ Kd7 45. Qh7+ Kd8 46.
Rg3 c4 47. Qb7 Rxg4 48. Rxg4 Rxg4 49. Qb8+ Kd7 50. Qb7+ Kd8 51. Qxb4 Rxe4 52. Qb8+ Kd7 53. Qb7+ Kd8 54. Qb6+ Kd7 55. Rxe4 Qxe4 56. Qxd6+ Ke8 57. Qe6+ Qxe6 58. dxe6 c3 59. Nd4 Ke7 60. Kf2 Kd6 61. Ke3 Ke5 62. Kd3 Kd5 63. Kxc3 Ke4 64. Kc4 Kf4 65. Kc5 Kg3 66. e7 Kf2 67. e8=Q Kg1 68.
Qc6 Kf2 69. Qxa6 Kg1 70. Qe6 Kf2 71. g4 Kg1 72. g5 Kf2 73. g6 Kg1 74. g7 Kf2 75. Qf5+ Kg1 76. g8=Q+ Kh1 77. Qfh7# 1-0

[Event "*** Titled Tuesday Blitz"]
[Site "Chess.com"]
[Date "2018.05.01"]
[Round "3"]
[White "rasmussvane"]
[Black "Frolik67"]
[Result "0-1"]
[WhiteElo "2605"]
[BlackElo "2448"]
[TimeControl "180+2"]
[EndTime "13:41:41 PDT"]
[Termination "Frolik67 won on time"]

1. Nf3 d5 2. d4 Nf6 3. c4 e6 4. Nc3 Be7 5. Bf4 O-O 6. Rc1 c6 7. e3 Nbd7 8. h3 b6 9. cxd5 exd5 10.
Bd3 Bb7 11. O-O Re8 12. Qc2 Nf8 13. Ne5 Ng6 14. Bh2 Nd7 15. Nf3 Ndf8 16. Rfe1 Bd6 17.
Bxd6 Qxd6 18. Ne2 Rac8 19. Ng3 c5 20. Nf5 Qf6 21. Qd2 c4 22. Bb1 Rcd8 23. b3 Bc8 24. Ng3 cxb3 25. axb3 Bxh3 26. Nh5 Qe6 27. gxh3 Qxh3 28.
Ng3 h5 29. Bf5 Nh4 30. Nxh4 Qxh4 31. Qd1 Qg5 32. Qxh5 Qf6 33. Bd3 g6 34. Qh6 Ne6 35.
Nh5 Qh4 36. Bxg6 fxg6 37. Qxg6+ Kh8 38. Rc7 Qg5+ 39. Qxg5 Nxg5 40. Nf6 Re6 41. f4 Rxf6 42. fxg5 Rg8 43. Re2 Rxg5+ 44. Rg2 Rgf5 45. Rh2+ Kg8 46. Rg2+ Kf8 47. Rg4 Rf1+ 48. Kg2 R6f2+ 49. Kg3 Rf3+ 50. Kh4 Rxe3 51. Rxa7 Rxb3 52. Kg5 Rbf3 53. Rb7 Rf5+ 54. Kg6 Rf6+ 55. Kh5 R1f5+ 56. Kh4 Rh6+ 57. Kg3 Rf7 58. Rb8+ Ke7 59. Rgg8 Kd7 60. Rgd8+ Kc6 61. Rbc8+ Rc7 62. Rxc7+ Kxc7 63. Rxd5 Kc6 64. Rd8 Rf6 65. Kg4 b5 66. Kg5 Rf1 67. Rb8 Rd1 68. Rc8+ Kb7 69. Rd8 b4 70. Kf4 b3 71. Rd5 Kc6 72. Rc5+ Kb6 73.
Rc3 Rxd4+ 74. Ke3 Rb4 75. Rc1 Kb5 76. Kd2 b2 77. Rb1 Ka4 78. Kc2 Ka3 79. Kc3 Rb8 80.
Kc2 Rc8+ 81. Kd3 Ka2 82. Re1 Rc1 83. Re8 b1=Q+ 0-1

[Event "*** Titled Tuesday Blitz"]
[Site "Chess.com"]
[Date "2018.05.01"]
[Round "3"]
[White "MehdiHosseinipour"]
[Black "rubhani"]
[Result "0-1"]
[WhiteElo "2436"]
[BlackElo "2434"]
[TimeControl "180+2"]
[EndTime "13:41:48 PDT"]
[Termination "rubhani won by resignation"]

1. e4 c6 2. d4 d5 3. e5 Bf5 4. Nc3 e6 5. g4 Bg6 6. Nge2 h5 7. Nf4 Bh7 8. Nxh5 c5 9. Be3 cxd4 10. Bxd4 Nc6 11.
Bb5 Ne7 12. Bc5 a6 13. Bxc6+ Nxc6 14. Bxf8 Kxf8 15. f4 Qh4+ 16. Ng3 d4 17. Ne2 Be4 18.
Rf1 Rd8 19. Rf2 d3 20. cxd3 Bxd3 21. Qa4 Bxe2 22. Nxe2 Qxg4 23. Rd1 Rxd1+ 24. Qxd1 Rh3 25. Qd7 g6 26. Qc8+ Kg7 27. Qxb7 Nd8 28. Qe4 Qh4 29. Qg2 Re3 30. Kd2 Rh3 31. Ng3 Qg4 32. Nf1 Qf5 33. Ne3 Qh5 34. f5 exf5 35. Nxf5+ Kg8 36.
Qa8 Qg5+ 37. Kc2 Kh7 38. Ng3 Kg7 39. Qd5 Ne6 40. Ne4 Qh4 41. Qd7 Qxe4+ 42. Kd2 Qd4+ 43.
Qxd4 Nxd4 44. Kd1 Nf3 45. Re2 Nxh2 46. e6 fxe6 47. Rxe6 g5 48. Rxa6 g4 49. Ke2 Rf3 50. Ra3 Rxa3 51. bxa3 Nf3 52. Ke3 Kg6 53. Kf4 Kh5 54.
a4 Nd4 55. Kg3 Kg5 56. a5 Nc6 57. a6 Na7 58. a4 Nc6 59. a5 Na7 60. Kg2 Kf4 61.
Kf2 g3+ 62. Kg2 Kg4 63. Kg1 Kf3 64. Kf1 Kf4 65. Kg2 Kg4 66. Kg1 Kh3 67. Kh1 Nc6 68. a7 g2+ 69. Kg1 Nxa7 70. a6 Nc8 71. Kf2 Kh2 0-1

[Event "*** Titled Tuesday Blitz"]
[Site "Chess.com"]
[Date "2018.05.01"]
[Round "3"]
[White "dretch"]
[Black "Cryptochess"]
[Result "1-0"]
[WhiteElo "2676"]
[BlackElo "2410"]
[TimeControl "180+2"]
[EndTime "13:41:52 PDT"]
[Termination "dretch won by resignation"]

1. d4 Nf6 2. c4 e6 3. Nc3 d5 4. cxd5 exd5 5. Bg5 Be7 6. e3 O-O 7. Bd3 c5 8. Nge2 Nc6 9. O-O h6 10. Bh4 Re8 11. dxc5 Bg4 12. h3 Bxe2 13. Bxe2 d4 14. exd4 Qxd4 15. Qxd4 Nxd4 16. Bb5 Rec8 17. c6 Nxc6 18.
Rad1 a6 19. Be2 Rd8 20. Bf3 Rac8 21. Rfe1 Kf8 22. Kf1 b5 23. Bg3 b4 24. Na4 Nd4 25.
Bb7 Rc2 26. Be5 Nc6 27. Rxd8+ Nxd8 28. Bxa6 Nd7 29. Bd3 Rd2 30. Bb5 Nxe5 31. Rxe5 Rd1+ 32. Re1 Rxe1+ 33. Kxe1 Bf6 34. Kd1 Ne6 35. Kc1 Nf4 36. Bf1 Ke7 37. Kc2 Kd6 38. Kb3 Nd5 39. Bc4 Nf4 40.
Bf1 Nd5 41. Kc4 Be5 42. g3 Bxg3 43. Bg2 Nf4 44. fxg3 Nxg2 45. Kxb4 f5 46. Nc3 g5 47.
Kc4 h5 48. Kd3 g4 49. hxg4 fxg4 50. Ne2 Kc5 51. Ke4 Ne1 52. Nf4 Kc4 53. Nxh5 Nd3 54. b3+ Kc3 55. Nf6 Nc1 56. Nd5+ Kb2 57. b4 Kxa2 58.
b5 Nb3 59. b6 Nc5+ 60. Kd4 Nb7 61. Kc4 Ka3 62. Nc3 Nd6+ 63. Kc5 Nb7+ 64. Kc6 Na5+ 65. Kb5 Nb7 66. Ne4 Kb3 67. Nc5+ 1-0

[Event "*** Titled Tuesday Blitz"]
[Site "Chess.com"]
[Date "2018.05.01"]
[Round "3"]
[White "BlackBoarder"]
[Black "Grootneus"]
[Result "1/2-1/2"]
[WhiteElo "2223"]
[BlackElo "2132"]
[TimeControl "180+2"]
[EndTime "13:41:56 PDT"]
[Termination "Game drawn by agreement"]

1. e4 c5 2. Nf3 Nc6 3. Bb5 Nf6 4. Bxc6 dxc6 5. d3 Bg4 6. h3 Bxf3 7. Qxf3 e5 8. O-O Be7 9. Qg3 Qd6 10. Nd2 O-O 11. Nc4 Qd8 12. Qxe5 Nd7 13. Qg3 Bf6 14. e5 Bh4 15. Qe3 Re8 16. f4 Nf6 17. Qxc5 Nd5 18.
Ne3 Be7 19. Qd4 Qb6 20. Qxb6 Nxb6 21. d4 Rad8 22. c3 c5 23. Rd1 f6 24. e6 Nd5 25. Nxd5 Rxd5 26. Be3 c4 27. g4 f5 28. Bf2 Red8 29. Re1 g6 30. Re2 R8d6 31. Rae1 Kg7 32. Re5 Kf6 33. g5+ Kg7 34. Rxd5 Rxd5 35. Re5 Rd6 36. d5 Ra6 37. a3 Kf8 38. Bg3 Rb6 39. Re2 Ke8 40. Kg2 Kd8 41. Kf3 Kc7 42. Rd2 Kd6 43.
Bf2 Rb5 44. Bd4 Rxd5 45. Re2 a6 46. Be5+ Kc6 47. Bd4 Rd8 48. Re5 Rd5 49. Re2 Rd8 50. h4 Bd6 51. h5 Re8 52. hxg6 hxg6 53. Rh2 Rxe6 54. Rh6 Kd5 55. Bf6 Re4 56. Be5 Bxe5 57. fxe5 Kxe5 58. Rxg6 Rf4+ 59. Ke3 Re4+ 60. Kf3 Rf4+ 61.
Kg3 Rg4+ 62. Kf3 Rf4+ 63. Ke3 1/2-1/2

[Event "*** Titled Tuesday Blitz"]
[Site "Chess.com"]
[Date "2018.05.01"]
[Round "3"]
[White "Babbelbox"]
[Black "Alzhur"]
[Result "0-1"]
[WhiteElo "2372"]
[BlackElo "2493"]
[TimeControl "180+2"]
[EndTime "13:41:56 PDT"]
[Termination "Alzhur won by resignation"]

1. d4 Nf6 2. c4 e6 3. Nc3 Bb4 4. Qc2 c5 5. dxc5 O-O 6. Nf3 Na6 7. g3 Nxc5 8. Bg2 Nce4 9. O-O Nxc3 10. bxc3 Be7 11. e4 d6 12. e5 dxe5 13. Nxe5 Qa5 14. Re1 Qa6 15. Rb1 Bc5 16. Rb5 Bb6 17. Qb3 Nd7 18. Nd3 Bc7 19. Nb4 Qd6 20. Bf4 e5 21.
Be3 Bb6 22. Rd1 Qe6 23. Nd5 Bxe3 24. fxe3 Qg4 25. h3 Qg5 26. h4 Qg4 27. Ne7+ Kh8 28.
Nxc8 Raxc8 29. Kh2 Nc5 30. Qc2 Qxc4 31. Rb4 Qa6 32.
Qf5 Qf6 33. Qxf6 gxf6 34. Rd6 Kg7 35. Bxb7 Nxb7 36. Rxb7 Rxc3 37. Rxa7 Rxe3 38. Rdd7 f5 39. a4 Ra3 40. a5 e4 41. a6 h5 42. Kg2 Ra2+ 43. Kf1 Rc8 44. Rxf7+ Kg6 45. Rg7+ Kf6 46. Raf7+ Ke5 47. Re7+ Kd4 48. Rc7 Rxc7 49. Rxc7 Rxa6 50.
Rf7 Ra5 51. Rh7 Ke3 52. Kg2 f4 53. gxf4 Kxf4 54. Rg7 Ra2+ 55. Kf1 Rh2 56. Rf7+ Ke3 57. Rf5 Rxh4 58. Kg1 Rf4 59. Rxh5 Rf8 60. Rd5 Ke2 61.
Kg2 e3 62. Rd7 Rg8+ 63. Kh3 Ke1 64. Kh2 e2 65. Kh3 Rg5 66. Rd8 Kf2 67. Rf8+ Ke3 68.
Re8+ Kf3 69. Kh4 Rg4+ 70. Kh3 Re4 0-1

[Event "*** Titled Tuesday Blitz"]
[Site "Chess.com"]
[Date "2018.05.01"]
[Round "3"]
[White "Alexander_Donchenko"]
[Black "Korchmar_Vasiliy"]
[Result "0-1"]
[WhiteElo "2668"]
[BlackElo "2722"]
[TimeControl "180+2"]
[EndTime "13:41:58 PDT"]
[Termination "Korchmar_Vasiliy won by resignation"]

1. Nf3 d5 2. g3 g6 3. Bg2 Bg7 4. d4 Nf6 5. O-O O-O 6. c4 c6 7.
b3 Bf5 8. Bb2 Ne4 9. e3 Nd7 10.
Qe2 Re8 11. cxd5 cxd5 12. Nh4 Be6 13. Rc1 Qb6 14. Nc3 Nxc3 15. Bxc3 Rac8 16. Nf3 h6 17. Bf1 a6 18. Qe1 Bg4 19. Bg2 Bf5 20. Nd2 Nf6 21.
h3 Rc6 22. Nf3 Be4 23. Ne5 Rcc8 24. Bf1 h5 25. Ba5 Qe6 26. f3 Bf5 27. g4 hxg4 28.
hxg4 Bc2 29. Bc3 b5 30. Qd2 Be4 31. Bg2 a5 32. Bxa5 g5 33. fxe4 Nxe4 34. Bxe4 dxe4 35. Rxc8 Rxc8 36. Rc1 Ra8 37. Rc6 Qd5 38. Rc5 Qe6 39.
Bc7 f6 40. Nc6 Qxg4+ 41. Qg2 Qd1+ 42. Qf1 Qg4+ 43. Kh1 Rxa2 44. Nxe7+ Kf7 45. Nf5 Qh5+ 46. Kg1 Qg4+ 47. Bg3 Rd2 48. Rc7+ Kf8 49. Rc1 Kf7 50. Nd6+ Kg6 51. Nf5 Bf8 52. Rc8 Rd1 53. Rxf8 Rxf1+ 54. Kxf1 Qxf5+ 55. Ke1 Qf3 56. Bf2 Qh1+ 57. Ke2 Qb1 58.
Rb8 Qxb3 59. Bg3 b4 60. Rb6 Qc2+ 61. Ke1 Qc3+ 62. Ke2 Kf5 63. Bd6 b3 64. Be7 Qc2+ 65.
Ke1 b2 0-1

[Event "*** Titled Tuesday Blitz"]
[Site "Chess.com"]
[Date "2018.05.01"]
[Round "3"]
[White "AnishGiri"]
[Black "Indianlad"]
[Result "1-0"]
[WhiteElo "2854"]
[BlackElo "2634"]
[TimeControl "180+2"]
[EndTime "13:42:01 PDT"]
[Termination "AnishGiri won by resignation"]

1. e4 e5 2. Nf3 Nc6 3. Bb5 a6 4. Ba4 d6 5. O-O Bd7 6. c3 g6 7. d4 Bg7 8. h3 h6 9. Re1 Nge7 10.
Be3 O-O 11. dxe5 dxe5 12. Bc5 Re8 13. Nbd2 b6 14. Ba3 Na7 15. Bxd7 Qxd7 16. Bxe7 Rxe7 17.
Nc4 Rd8 18. Ne3 Qxd1 19. Raxd1 Red7 20. Rxd7 Rxd7 21. Kf1 Nc8 22. Nc4 f6 23. a4 Kf7 24.
g4 Ke6 25. Nh4 Kf7 26. Ke2 Bf8 27. Nf3 Ke6 28. h4 b5 29. axb5 axb5 30. Ncd2 Nb6 31. b3 Rd8 32. Ra1 Ra8 33. Rxa8 Nxa8 34. h5 g5 35. Ne1 c5 36. Kd3 Nb6 37. Nc2 Be7 38. Ne3 Bf8 39. f3 Kd6 40. Ndf1 Nd7 41. Nf5+ Kc6 42. N1e3 Nb6 43. Ng3 Nd7 44. Ngf1 Nb6 45.
Nd2 Nd7 46. Nb1 Nb6 47. Nd2 Be7 48. Ndf1 Bf8 49. Ng3 Nd7 50. Nd5 Kd6 51. Nf5+ Kc6 52. Nde7+ Kc7 53. Ng8 c4+ 54. bxc4 Nc5+ 55. Ke2 bxc4 56.
Ngxh6 Ne6 57. Ng8 Nf4+ 58. Kd2 Kd7 59. Nxf6+ Ke6 60. Nh7 Bc5 61. h6 Kf7 62. Nxg5+ Kg8 63. h7+ Kh8 64. Nh6 Ng6 65. Nhf7+ Kg7 66. h8=Q+ Nxh8 67.
Nxh8 Kxh8 68. Nf7+ Kg7 69. Nxe5 1-0

[Event "*** Titled Tuesday Blitz"]
[Site "Chess.com"]
[Date "2018.05.01"]
[Round "3"]
[White "Alohamora11"]
[Black "toad"]
[Result "1/2-1/2"]
[WhiteElo "2110"]
[BlackElo "2207"]
[TimeControl "180+2"]
[EndTime "13:42:13 PDT"]
[Termination "Game drawn by repetition"]

1. e4 c5 2. Nf3 d6 3. Bb5+ Nd7 4.
d4 cxd4 5. Qxd4 a6 6. Bxd7+ Bxd7 7. c4 Nf6 8. Nc3 e5 9. Qd3 Be7 10. Bg5 b5 11. cxb5 axb5 12. Bxf6 Bxf6 13. Qxd6 Qe7 14. Qxe7+ Bxe7 15. Nxe5 Be6 16. O-O O-O 17. Nc6 Bc5 18.
b4 Bb6 19. Nd5 Ra6 20. Nxb6 Rxb6 21. Nd4 Bc4 22. Rfd1 g6 23. f3 Ra8 24. a3 Rba6 25. Nc2 Bb3 26. Rdc1 Rd8 27. Ne3 Rd3 28. Re1 Rc6 29.
Re2 Rcc3 30. Kf2 h5 31. h4 Kg7 32. g4 hxg4 33. fxg4 Be6 34. h5 Rd4 35. hxg6 Kxg6 36. Nf5 Rdd3 37. Rg1 Rxa3 38. Ne7+ Kf6 39. Nf5 Rf3+ 40.
Kg2 Bxf5 41. exf5 Rg3+ 42. Kh2 Rh3+ 43. Kg2 Rag3+ 44. Kf2 Rf3+ 45. Ke1 Rb3 46. Rc2 Rxb4 47. Rc5 Rh2 48. g5+ Ke7 49. f6+ Ke6 50. Rc1 Rbb2 51. Ra1 b4 52. Ra6+ Kf5 53. Ra5+ Ke4 54.
Ra1 b3 55. g6 Rbe2+ 56. Kd1 b2 57. Rb1 Rd2+ 58. Ke1 Rhe2+ 59. Kf1 fxg6 60. f7 Rf2+ 61. Ke1 Rde2+ 62. Kd1 Rd2+ 63. Ke1 Rde2+ 64. Kd1 Rd2+ 65.
Ke1 Rde2+ 66. Kd1 Rd2+ 1/2-1/2

[Event "*** Titled Tuesday Blitz"]
[Site "Chess.com"]
[Date "2018.05.01"]
[Round "3"]
[White "LoydBlankenship"]
[Black "Maghalashvili"]
[Result "0-1"]
[WhiteElo "2365"]
[BlackElo "2614"]
[TimeControl "180+2"]
[EndTime "13:42:31 PDT"]
[Termination "Maghalashvili won by resignation"]

1. e4 e6 2. d4 d5 3. Nc3 dxe4 4. Nxe4 Nd7 5. Nf3 Ngf6 6. Bg5 h6 7.
Bxf6 Nxf6 8. Nxf6+ Qxf6 9. c3 Bd6 10. Bd3 O-O 11. O-O c5 12. dxc5 Bxc5 13. Qe2 Rb8 14.
Qe4 g6 15. Rad1 b6 16. Qe5 Qxe5 17. Nxe5 Rb7 18. Rd2 Rc7 19. Rfd1 Bb7 20. Bb5 Be7 21. Rd7 Rfc8 22. Kf1 Bf6 23. Ng4 Bg7 24. Rxc7 Rxc7 25. Rd8+ Kh7 26. Rd7 Rxd7 27. Bxd7 g5 28. Ne3 Kg6 29.
Ke2 Kf6 30. f3 Ke7 31. Bb5 Be5 32. g3 h5 33. Bd3 f5 34. a4 h4 35. Kf2 Kf6 36. Nc4 Bc7 37. b4 e5 38. Ne3 e4 39.
fxe4 fxe4 40. Be2 hxg3+ 41. hxg3 Ke7 42. Bc4 Kd6 43. Bf1 Bd8 44. Nc4+ Kd5 45. Ne3+ Kd6 46.
Ke2 Bf6 47. Nd1 Be5 48. Kf2 a5 49. Be2 Bc6 50. b5 Bd7 51. Ke3 Bf5 52. g4 Bf4+ 53.
Kd4 Be5+ 54. Ke3 Bg6 55. Nf2 Kd5 56. c4+ Kc5 57. Nxe4+ Kb4 58. Nxg5 Kxa4 59. c5 bxc5 60. b6 Kb4 61. Bd3 Be8 62. Nf3 Bd6 63. g5 a4 64.
g6 a3 65. g7 Bf7 66. Ne1 a2 67. Nc2+ Kc3 68. b7 Kb2 69. Bh7 c4 70. Kd4 Bg8 71.
Bg6 c3 72. Ke3 a1=Q 73. Nxa1 Kxa1 74. Kd4 Kb2 75. Bf5 c2 76. Bxc2 Kxc2 77. Ke4 Kc3 78. Kf5 Kd4 79. Kf6 Kd5 80. b8=Q Bxb8 81. Ke7 Bd6+ 82.
Ke8 Ke6 83. Kd8 Bf7 84. Kc8 Kf6 85. g8=Q Bxg8 86. Kd7 Ke5 87. Ke8 Be6 88. Kd8 0-1

[Event "*** Titled Tuesday Blitz"]
[Site "Chess.com"]
[Date "2018.05.01"]
[Round "3"]
[White "Didici"]
[Black "Angry_Twin"]
[Result "1-0"]
[WhiteElo "2424"]
[BlackElo "2677"]
[TimeControl "180+2"]
[EndTime "13:42:38 PDT"]
[Termination "Didici won by resignation"]

1. d4 Nf6 2. c4 g6 3. f3 c5 4.
d5 d6 5. e4 Bg7 6. Ne2 O-O 7.
Nec3 e6 8. Bg5 exd5 9. cxd5 h6 10. Be3 Nh5 11. Qd2 g5 12. Bd3 Qf6 13. Na3 Nd7 14.
Nc4 Rb8 15. a4 Ne5 16. Nxe5 Qxe5 17. O-O Nf4 18. Bc4 b6 19. g3 Ng6 20. f4 gxf4 21. gxf4 Qf6 22. Kh1 Bg4 23. Qg2 h5 24. h3 Bd7 25.
Kh2 Rbe8 26. f5 Nh4 27. Qg3 Nxf5 28. exf5 h4 29. Qg5 Kh7 30. Qxf6 Bxf6 31. Bf4 Rg8 32.
Bxd6 Rg7 33. Rg1 Bd4 34. Rxg7+ Kxg7 35. Bb5 Bxb5 36. axb5 Re3 37. Rxa7 Rd3 38. Be7 Rd2+ 39. Kh1 Rxb2 40. Ne4 Re2 41. f6+ Kg6 42. Nd6 c4 43. Nxc4 Kf5 44. Ra3 Re1+ 45. Kg2 Rg1+ 46. Kf3 Rc1 47.
Nd6+ Kg6 48. Ne4 Rf1+ 49. Ke2 Rf4 50. Nd6 Rf2+ 51. Ke1 Rg2 52. Rd3 Be5 53. Nc4 Bg3+ 54. Kd1 Rg1+ 55. Kc2 Rg2+ 56. Kb3 Kf5 57. d6 Ke4 58. d7 Bc7 59. d8=Q Bxd8 60. Rxd8 Rg3+ 61.
Kb4 Rxh3 62. Nxb6 Rh1 63. Rh8 h3 64. Bd6 Kf5 65. Nc4 Kxf6 66. b6 Ke6 67. b7 Rb1+ 68.
Kc5 Rxb7 69. Rxh3 Rb1 70. Re3+ Kf5 71. Rf3+ Ke6 72. Re3+ Kf5 73. Re7 f6 74. Ne3+ Kg6 75.
Nd5 Rc1+ 76. Kb6 Rd1 77. Kc6 Rc1+ 78. Kd7 Rd1 79. Nf4+ Kf5 80. Rf7 Re1 81. Rf8 Kg5 82. Nd5 f5 83. Ne7 Rf1 84. Ke6 f4 85. Rg8+ Kh5 86.
Kf5 Kh6 87. Bxf4+ Kh7 88. Rg2 Re1 89. Rh2+ Kg7 90. Be5+ Kf7 91. Rh7+ Ke8 92. Nc6 Rc1 93. Ke6 Rxc6+ 94. Bd6 1-0

[Event "*** Titled Tuesday Blitz"]
[Site "Chess.com"]
[Date "2018.05.01"]
[Round "3"]
[White "Yurovskykh_Oleksandr"]
[Black "popov_m"]
[Result "1/2-1/2"]
[WhiteElo "2356"]
[BlackElo "2376"]
[TimeControl "180+2"]
[EndTime "13:42:48 PDT"]
[Termination "Game drawn by agreement"]

1. d4 g6 2. c4 Bg7 3. e4 d6 4.
Nc3 Nf6 5. Be2 O-O 6. Bg5 c5 7.
d5 e6 8. Qd2 exd5 9. exd5 Qb6 10. Nf3 Bf5 11. Nh4 Ne4 12. Nxe4 Bxe4 13. f3 h6 14. Bxh6 Qxb2 15. Qxb2 Bxb2 16. Bxf8 Kxf8 17. Kd2 Bxa1 18. Rxa1 Bf5 19. Nxf5 gxf5 20. Bd3 f4 21.
Re1 Nd7 22. Re4 Ne5 23. Rxf4 a6 24. a4 Rb8 25. Rh4 Kg7 26. Rh7+ Kg8 27. Rh3 b5 28. cxb5 c4 29. Be4 axb5 30. axb5 Rxb5 31. Kc2 Ra5 32. f4 Nd7 33. Rg3+ Kf8 34. Rc3 Nb6 35. h4 Ra2+ 36. Kb1 Re2 37. Bf3 Re1+ 38. Kc2 Rh1 39. h5 Kg7 40. Ra3 Rh4 41. Ra6 Nc8 42. g3 Rh3 43. Bg4 Rh2+ 44. Kc3 Ne7 45. Rxd6 Rg2 46. Kxc4 Rxg3 47. Be2 Nf5 48. h6+ Nxh6 49. Bd3 Ng4 50. Rd8 Nf6 51. d6 Rg4 52. Kc5 Rxf4 53. Bb5 Rf5+ 54. Kc6 Rf2 55. Ra8 Rc2+ 56. Kb7 Rc5 57. Kb6 Rd5 58. Kc6 Rd2 59. Ra4 Rc2+ 60. Rc4 Rxc4+ 61.
Bxc4 Kf8 62. Bd3 Ke8 63. Bf5 Kd8 64. Kc5 Nd7+ 65. Kd5 Nf6+ 66. Ke5 Nd7+ 67. Kd5 Nf6+ 68. Kc6 Ke8 69. Kc7 Kf8 70. Kd8 Ng8 71. Kc7 Nf6 72.
Kc6 Ke8 73. Kc5 Kd8 74. Kd4 Ne8 75. Kd5 Nxd6 76. Kxd6 Ke8 1/2-1/2

[Event "*** Titled Tuesday Blitz"]
[Site "Chess.com"]
[Date "2018.05.01"]
[Round "3"]
[White "alturas_pacificas"]
[Black "guillembaches"]
[Result "1/2-1/2"]
[WhiteElo "2149"]
[BlackElo "2244"]
[TimeControl "180+2"]
[EndTime "13:43:00 PDT"]
[Termination "Game drawn - insufficient material"]

1. d4 Nf6 2. Bf4 e6 3. e3 d5 4. Nd2 Bd6 5. Bg3 O-O 6. Ngf3 c5 7. c3 Nc6 8. Bd3 b6 9. Ne5 Bb7 10. f4 Ne7 11. Qf3 Nf5 12. Bf2 Be7 13. Bxf5 exf5 14. g4 fxg4 15. Nxg4 cxd4 16. exd4 Ne4 17. O-O-O Rc8 18. Rhg1 Kh8 19. Ne5 g6 20. f5 Kg7 21. Be3 Qc7 22. Qh3 Nxc3 23. Bh6+ Kg8 24. bxc3 Qxc3+ 25. Qxc3 Rxc3+ 26. Kb1 Rfc8 27. fxg6 fxg6 28.
Rc1 Ba3 29. Rxc3 Rxc3 30. Rf1 Bc8 31. Nb3 Bf5+ 32. Ka1 Rc2 33. Bc1 Bb4 34. Bb2 Rxh2 35. Rc1 a5 36. a3 Bf8 37. a4 b5 38. axb5 a4 39. Nc5 Bd6 40. b6 Rh3 41. b7 a3 42. Bc3 Rh2 43. Ned7 Bxd7 44. Nxd7 a2 45. b8=Q+ Bxb8 46. Nxb8 h5 47. Nd7 h4 48. Nf6+ Kf7 49. Nxd5 h3 50. Nf4 g5 51. Nh5 Rg2 52. d5 Ke7 53.
Bb4+ Kd7 54. d6 h2 55. Nf6+ Ke6 56. d7 Rg1 57. d8=Q Rxc1+ 58. Kxa2 h1=Q 59. Qe7+ Kf5 60. Qh7+ Ke6 61. Qe7+ Kf5 62. Qd7+ Kxf6 63. Be7+ Ke5 64. Qd6+ Kf5 65. Qf6+ Ke4 66. Qe6+ Kd3 67. Qb3+ Rc3 68.
Qb5+ Kc2 69. Qb2+ Kd3 70. Qb5+ Kd2 71. Bb4 Qa8+ 72. Kb2 Qh8 73. Qc5 Ke2 74. Bxc3 Qb8+ 75. Kc2 Qf4 76. Qb5+ Kf2 77. Qb6+ Kf3 78. Qc6+ Kf2 79. Qb6+ Kf1 80. Qb1+ Kg2 81. Qd1 g4 82. Qd2+ Qf2 83. Qxf2+ Kxf2 84. Be5 g3 85. Bxg3+ 1/2-1/2